 Dungeon Crawl Stone Soup version 0.30-a0-718-geaa24f58ff (webtiles) character file.

Game seed: 7539689528717028968

7842 Newt the Merchant of Misery (level 11, -2/86 HPs)
             Began as a Demonspawn Gladiator on Jan 25, 2023.
             Was a Believer of Kikubaaqudgha.
             Slain by a catoblepas (12 damage)
             ... while petrified by a catoblepas
             ... on level 1 of the Lair of Beasts.
             The game lasted 00:14:48 (11659 turns).

Newt the Merchant of Misery (Demonspawn Gladiator) Turns: 11659, Time: 00:14:49

Health: -2/86      AC:  4    Str: 17    XL:     11   Next: 2%
Magic:  25/29      EV:  2    Int: 11    God:    Kikubaaqudgha [**....]
Gold:   425        SH:  0    Dex: 15    Spells: 16/22 levels left

rFire   . . .      SeeInvis .    t - +1 quick blade (venom)
rCold   . . .      Faith    .    (no shield)
rNeg    + + +      Spirit   .    b - +0 leather armour
rPois   ∞          Reflect  .    (helmet restricted)
rElec   .          Harm     .    f - +0 cloak
rCorr   .          Rampage  .    (no gloves)
Will    +....                    (no boots)
Stlth   +++                      (no amulet)
HPRegen 0.34/turn                r - ring of willpower
MPRegen 0.21/turn                H - ring of magical power

@: petrified
A: horns 2, large bone plates 3, demonic guardian 2, demonic magic 1
a: Renounce Religion, Unearth Wretches


You were on level 1 of the Lair of Beasts.
You worshipped Kikubaaqudgha.
Kikubaaqudgha was pleased with you.
You visited 3 branches of the dungeon, and saw 11 of its levels.
You also visited: Sewer.

You collected 491 gold pieces.
You spent 66 gold pieces at shops.

Inventory:

Hand Weapons
 a - a +0 rapier
 n - a +0 short sword of speed
 t - a +1 quick blade of venom (weapon)
 x - a +1 antimagic short sword
Missiles
 d - 4 throwing nets
 e - 6 javelins
Armour
 b - a +0 leather armour (worn)
 c - a +0 helmet
 f - a +0 cloak (worn)
Jewellery
 r - a ring of willpower (left hand)
 w - a ring of flight
 H - a ring of magical power (right hand)
 J - an amulet of faith
Wands
 y - a wand of roots (25)
 A - a wand of paralysis (12)
Scrolls
 k - 2 scrolls of fog
 o - 2 scrolls of teleportation
 u - a scroll of vulnerability
 z - 2 scrolls of immolation {unknown}
 B - a scroll of amnesia {unknown}
 C - 2 scrolls of torment {unknown}
 G - a scroll of magic mapping
Potions
 g - 3 potions of lignification
 h - 2 potions of flight
 i - 2 potions of magic
 j - 2 potions of haste
 l - 4 potions of curing
 m - a potion of mutation
 p - 3 potions of resistance
 q - 3 potions of heal wounds
 s - a potion of cancellation
 v - 2 potions of invisibility
 D - a potion of berserk rage
 E - a potion of attraction {unknown}
 F - a potion of degeneration {unknown}
 I - a potion of might {unknown}


   Skills:
 - Level 8.0 Fighting
 - Level 5.0 Short Blades
 - Level 1.7 Throwing
 - Level 5.0 Armour
 - Level 5.0 Dodging
 - Level 5.0 Stealth
 - Level 6.0 Spellcasting
 - Level 5.0 Conjurations
 + Level 8.3 Necromancy


You had 16 spell levels left.
You knew the following spells:

 Your Spells              Type           Power      Damage    Failure   Level
a - Magic Dart            Conj           56%        1d5       2%          1
b - Animate Dead          Necr           21%        N/A       8%          4
c - Necrotise             Necr           84%        1d8       1%          1

Your spell library contained the following spells:

 Spells                   Type           Power      Damage    Failure   Level
 Vampiric Draining        Necr           21%        2d7       2%          3
 Cigotuvi's Dreadful Rot  Necr/Pois/Air  18%        N/A       11%         2
 Apportation              Tloc           6%         N/A       22%         1
 Sandblast                Erth           6%         2d5       22%         1
 Stone Arrow              Conj/Erth      16%        3d8       24%         3
 Blink                    Tloc           6%         N/A       34%         2
 Call Imp                 Summ           3%         N/A       34%         2
 Passwall                 Tmut/Erth      2%         N/A       34%         2
 Mephitic Cloud           Conj/Pois/Air  7%         N/A       34%         3
 Manifold Assault         Tloc           3%         N/A       92%         4
 Alistair's Intoxication  Tmut/Pois      2%         N/A       99%         5
 Storm Form               Tmut/Air       1%         N/A       100%        7


Dungeon Overview and Level Annotations

Branches:
Dungeon (9/15)             Temple (1/1) D:6            Lair (1/5) D:8
  Sewer (visited)
    Orc: D:9-12

Altars:
Ashenzari
Cheibriados
Dithmenos
Kikubaaqudgha
Makhleb
Nemelex Xobeh
Ru
Sif Muna
Trog
Uskayaw
Vehumet
Wu Jian
Xom
Yredelemnul

Shops:
D:2 *

Annotations:
D:5 3 runed translucent doors, hikkokomori's ghost, amateur HOMo


Innate Abilities, Weirdness & Mutations

You have a pair of horns on your head.
You are completely covered in large bone plates. (SH +8)
A demonic guardian rushes to your aid.
Spells you cast may paralyse adjacent enemies.


Message History

Unknown command.
Unknown command.
The catoblepas gores you!
Your rust devil completely misses the catoblepas.
You block the catoblepas's attack.
Your limbs are stiffening.
You see here a wand of roots (6).
Aiming: Necrotise (safe; 1% risk of failure)
Press: ? - help, Q - select action, (/) - cycle Shift-Dir - straight line, f/p - catoblepas
Aim: a catoblepas (ally target, chance to affect: 16%)
The catoblepas resists with almost no effort.
Malevolent energies surge around you.
Your komodo dragon zombie is no longer petrified.
Your rust devil hits the catoblepas!
Your rust devil corrodes the catoblepas!
The catoblepas gores you!
* * * LOW HITPOINT WARNING * * *
Your rust devil hits the catoblepas!
The catoblepas seems to be corroded for longer.
You have turned to stone.
Your komodo dragon zombie is no longer petrified.
The catoblepas breathes a plume of calcifying dust at you.
The blast of calcifying dust hits you.
* * * LOW HITPOINT WARNING * * *
Your rust devil hits the catoblepas!
The catoblepas seems to be corroded for longer.
You are engulfed in calcifying dust.
The catoblepas gores you!
* * * LOW HITPOINT WARNING * * *
Your rust devil hits the catoblepas.
The catoblepas seems to be corroded for longer.
You are engulfed in calcifying dust.
The catoblepas breathes a plume of calcifying dust at you.
The blast of calcifying dust hits you.
* * * LOW HITPOINT WARNING * * *
The blast of calcifying dust hits your komodo dragon zombie.
Your komodo dragon zombie is engulfed in calcifying dust.
Your komodo dragon zombie is moving more slowly.
Your rust devil barely misses the catoblepas.
You are engulfed in calcifying dust.
The catoblepas gores you!!
You die...
Kikubaaqudgha rasps: "You have failed me!
Welcome... oblivion!"

#####
#####....###
######....Y......
#....#..Z@4Z.....
#......§........
###...§.........
#...............
##..............
#..............
#..............
#..............^
##..............


You could see a catoblepas (corroded, ally target), a friendly rust devil
(summoned) and 2 friendly komodo dragon zombies.

Vanquished Creatures
  Pikel (D:7)
  A black mamba (Lair:1)
  3 komodo dragons
  Prince Ribbit (D:6)
  A wyvern (D:8)
  7 yaks
  A steam dragon (D:8)
  A vampire mosquito (D:5)
  Edmund (D:6)
  Duvessa (D:7)
  2 black bears (D:8)
  3 water moccasins
  4 ice beasts
  3 orc warriors (D:6)
  3 ogres
  3 centaurs
  A lemure (D:7)
  A phantom (D:5)
  2 kobold brigands
  5 bullfrogs
  2 necrophages (D:6)
  3 scorpions
  5 wights
  Dowan (D:7)
  5 howler monkeys
  3 orc priests
  3 hounds
  2 jellies
  A gnoll bouda (D:4)
  5 iguanas
  7 orc wizards
  7 gnolls
  18 adders
  10 river rats
  A white imp (D:5)
  An ufetubus (D:4)
  5 worms
  2 dart slugs
  31 orcs
  5 giant cockroaches
  9 goblins
  9 hobgoblins
  3 jackals (D:1)
  3 quokkas
  12 ball pythons
  5 bats
  3 frilled lizards
  20 kobolds
  22 rats
248 creatures vanquished.

Vanquished Creatures (collateral kills)
  A komodo dragon (Lair:1)
  A bullfrog (Lair:1)
  2 wights (D:7)
  A hound (D:5)
  2 orcs
  A quokka (D:4)
8 creatures vanquished.

Vanquished Creatures (others)
  A centaur zombie (D:7)
  2 fungi (Lair:1)
  9 plants
12 creatures vanquished.

Grand Total: 268 creatures vanquished

Notes
Turn   | Place    | Note
-------+----------+-------------------------------------------
     0 | D:1      | Newt the Demonspawn Gladiator began the quest for the Orb.
     0 | D:1      | Reached XP level 1. HP: 16/16 MP: 1/1
     2 | D:1      | Noticed a ghoul
     2 | D:1      | Noticed a minotaur
     4 | D:1      | Noticed a draconian
     4 | D:1      | Noticed a tengu
     6 | D:1      | Noticed a troll
     6 | D:1      | Noticed a human
     8 | D:1      | Noticed a gargoyle
    11 | D:1      | Noticed an elf
    13 | D:1      | Noticed a naga
    13 | D:1      | Noticed an octopode
    15 | D:1      | Noticed a demonspawn
    15 | D:1      | Noticed a merfolk
    17 | D:1      | Noticed a spriggan
    17 | D:1      | Noticed an ogre
    19 | D:1      | Noticed a formicid
    19 | D:1      | Noticed a vampire
    21 | D:1      | Noticed a demigod
    21 | D:1      | Noticed an armataur
    23 | D:1      | Noticed a vine stalker
    23 | D:1      | Noticed a felid
    25 | D:1      | Noticed a human
    27 | D:1      | Noticed a gargoyle
   156 | D:1      | Reached skill level 1 in Stealth
   281 | D:1      | Gained mutation: A weak demonic guardian rushes to your
                  | aid. [demonic ancestry]
   281 | D:1      | Reached XP level 2. HP: 22/22 MP: 2/2
  1061 | D:2      | Gained mutation: Spells you cast may paralyse adjacent
                  | enemies. [demonic ancestry]
  1061 | D:2      | Reached XP level 3. HP: 22/28 MP: 3/3
  1128 | D:2      | Learned a level 1 spell: Magic Dart
  1538 | D:2      | You fall into a shaft and drop 1 floor!
  1604 | D:3      | Gained mutation: You are partially covered in large bone
                  | plates. (SH +4) [demonic ancestry]
  1604 | D:3      | Reached XP level 4. HP: 10/37 MP: 2/4
  1792 | D:3      | Gained mutation: You have a pair of small horns on your
                  | head. [demonic ancestry]
  1792 | D:3      | Reached XP level 5. HP: 42/42 MP: 2/5
  1829 | D:3      | Found a faded altar of an unknown god.
  2128 | D:2      | Found Osen's Assorted Antiques.
  2179 | D:2      | Bought a scroll labelled ALIGYCSUPIA for 18 gold pieces
  2179 | D:2      | Bought 2 glowing clear potions for 32 gold pieces
  2179 | D:2      | Bought a cyan potion for 16 gold pieces
  3531 | D:4      | Gained mutation: You have a pair of horns on your head.
                  | [demonic ancestry]
  3531 | D:4      | Reached XP level 6. HP: 38/48 MP: 6/6
  3935 | D:4      | Reached skill level 5 in Conjurations
  4629 | D:5      | Entered Level 5 of the Dungeon
  4632 | D:5      | Found a shimmering altar of Xom.
  4632 | D:5      | Noticed a vampire mosquito
  4637 | D:5      | Killed a vampire mosquito
  4638 | D:5      | Gained mutation: You are mostly covered in large bone
                  | plates. (SH +6) [demonic ancestry]
  4638 | D:5      | Reached XP level 7. HP: 54/54 MP: 4/7
  4847 | D:5      | Reached skill level 5 in Short Blades
  5032 | D:5      | Reached skill level 1 in Spellcasting
  5168 | D:5      | Found a glowing drain.
  5177 | Sewer    | Entered a sewer
  5676 | Sewer    | Reached XP level 8. HP: 51/60 MP: 11/14
  6221 | D:5      | Found a burning altar of Makhleb.
  6260 | D:5      | Identified the +2 leather armour of the Goldsmith {rC+
                  | Regen+ Dex+3}
  6436 | D:5      | Found a runed translucent gate.
  6437 | D:5      | Found a runed translucent gate.
  6438 | D:5      | Found a runed translucent gate.
  6439 | D:5      | Noticed hikkokomori's ghost (amateur HOMo)
  6601 | D:5      | Reached skill level 5 in Dodging
  6975 | D:6      | Found an ornate altar of the Wu Jian Council.
  7024 | D:6      | Found a staircase to the Ecumenical Temple.
  7042 | Temple   | Entered the Ecumenical Temple
  7162 | Temple   | Became a worshipper of Kikubaaqudgha
  7731 | D:6      | Found a broken altar of Ashenzari.
  7732 | D:6      | Noticed Prince Ribbit
  7739 | D:6      | Killed Prince Ribbit
  7740 | D:6      | Reached skill level 5 in Armour
  7740 | D:6      | Reached skill level 1 in Necromancy
  7740 | D:6      | Gained mutation: A demonic guardian rushes to your aid.
                  | [demonic ancestry]
  7740 | D:6      | Reached XP level 9. HP: 45/65 MP: 10/15
  7744 | D:6      | Identified a scroll of acquirement
  7745 | D:6      | Acquired a +1 quick blade of venom
  7908 | D:6      | Found a shimmering blue altar of Sif Muna.
  8120 | D:6      | Reached * piety under Kikubaaqudgha
  8120 | D:6      | Received a gift from Kikubaaqudgha
  8126 | D:6      | Learned a level 4 spell: Animate Dead
  8171 | D:6      | Noticed Edmund
  8179 | D:6      | Killed Edmund
  8288 | D:6      | Identified the +1 robe of Taexeses {Rampage rF+}
  8316 | D:6      | Reached skill level 5 in Necromancy
  8647 | D:7      | Learned a level 1 spell: Necrotise
  8841 | D:7      | Reached skill level 5 in Spellcasting
  8999 | D:7      | Noticed Pikel
  9017 | D:7      | Killed Pikel
  9027 | D:7      | Reached skill level 5 in Fighting
  9331 | D:7      | Gained mutation: You are completely covered in large bone
                  | plates. (SH +8) [demonic ancestry]
  9331 | D:7      | Reached XP level 10. HP: 69/74 MP: 19/19
  9658 | D:7      | Noticed Dowan
  9659 | D:7      | Noticed Duvessa
  9667 | D:7      | Killed Dowan
  9670 | D:7      | Killed Duvessa
 10322 | D:8      | Found a staircase to the Lair.
 10339 | D:8      | Reached ** piety under Kikubaaqudgha
 10749 | D:8      | Found a bloodstained altar of Trog.
 11065 | Lair:1   | Entered Level 1 of the Lair of Beasts
 11074 | Lair:1   | Reached skill level 5 in Stealth
 11541 | Lair:1   | Noticed a black mamba
 11549 | Lair:1   | Killed a black mamba
 11550 | Lair:1   | Reached XP level 11. HP: 86/86 MP: 20/20
 11642 | Lair:1   | Noticed a catoblepas
 11659 | Lair:1   | Slain by a catoblepas

Illustrated notes

Levels and vault maps discovered:
D:1:      kb_arrival_jail, layout_loops_ring
D:2:      minmay_wonky_spiral, layout_loops_ring, serial_shops,
          nicolae_diamond_shop, chequers_decorated_corner
D:3:      layout_loops_corners, ebering_ecumenical_altar_sacrificial,
          uniq_terence
D:4:      layout_basic, dk_noncrumbling_2
D:5:      layout_basic, lightli_sewer_entry_pipes, ebering_ghost_rock_garden,
          chequers_jeans, hangedman_feature_mirror, minivault_27,
          kennysheep_path_1
D:6:      layout_loops_corners, mainiacjoe_overflow_alcove_2,
          amcnicky_altar_gilded, kennysheep_orc_sif_temple,
          minmay_temple_entry_waves, uniq_prince_ribbit1, uniq_edmund
D:7:      layout_loops_corners, uniq_pikel, uniq_duvessa
D:8:      layout_basic, trog_ov_bears_minmay, david_lair_shrubbed,
          kennysheep_flooded_box, nicolae_elevator_lobby_asterisk
D:9:      layout_stronghold, mainiacjoe_overflow_brackets, uniq_maggie
Temple:   nicolae_temple_god_jail
Lair:1:   layout_cave_pods, cheibrodos_lair_reptile_den, uniq_nergalle

Skill      XL: |  1  2  3  4  5  6  7  8  9 10 |
---------------+-------------------------------+-----
Stealth        | 1 2 5 |  5.0
Fighting       | 4 5 8 |  8.0
Conjurations   | 2 4 5 |  5.0
Short Blades   | 4 5 |  5.0
Spellcasting   | 4 6 |  6.0
Dodging        | 5 |  5.0
Armour         | 5 |  5.0
Necromancy     | 1 6 8 |  8.3
Throwing       | |  1.7

Action                     |  1- 3 |  4- 6 |  7- 9 | 10-12 || total
---------------------------+-------+-------+-------+-------++-------
  Melee: Rapier            |   128 |    43 |       |       ||   171
         Punch             |     1 |     4 |     6 |     1 ||    12
         Short sword       |       |   141 |   271 |       ||   412
         Headbutt          |       |    22 |    86 |    28 ||   136
         Quick blade       |       |       |   136 |   122 ||   258
  Throw: Throwing net      |     1 |       |       |       ||     1
   Cast: Magic Dart        |       |    17 |   115 |     4 ||   136
         Animate Dead      |       |       |     2 |     2 ||     4
         Necrotise         |       |       |       |    48 ||    48
    Use: Scroll            |     6 |     4 |     6 |     3 ||    19
         Potion            |       |     1 |     2 |       ||     3
   Stab: Sleeping          |     5 |     4 |     4 |     1 ||    14
         Paralysed         |       |    17 |    88 |    42 ||   147
 Armour: Leather armour    |    48 |    20 |    33 |    14 ||   115
  Dodge: Dodged            |   104 |    66 |   141 |    47 ||   358
  Block: Other             |       |    20 |    66 |    35 ||   121

Table legend: (Time is in decaauts)
 A = Elapsed time spent in this place.
 B = Non-inter-level travel time spent in this place.
 C = Inter-level travel time spent in this place.
 D = Time resting spent in this place.
 E = Time spent auto-exploring this place.
 F = Levels seen in this place.
 G = Mean time per level.
                   A        B        C        D        E       F      G
               +--------+--------+--------+--------+--------+-----+--------+
         Total |  11358 |  10842 |    516 |   1298 |   7855 |  12 |  946.5 |
       Dungeon |   9706 |   9234 |    472 |   1037 |   6766 |   9 | 1078.4 |
        Temple |    137 |     94 |     43 |      0 |     83 |   1 |  137.0 |
          Lair |    579 |    579 |      0 |     50 |    451 |   1 |  579.0 |
         Sewer |    934 |    934 |      0 |    211 |    555 |   1 |  934.0 |
               +--------+--------+--------+--------+--------+-----+--------+

Top non-repeatable levels by time:
     D:7: 1493 daAuts
     D:4: 1442 daAuts
     D:6: 1436 daAuts
     D:2: 1290 daAuts
     D:3: 1196 daAuts
     D:5: 1085 daAuts
     D:8: 952 daAuts
   Sewer: 934 daAuts
     D:1: 795 daAuts
  Lair:1: 579 daAuts
  Temple: 137 daAuts
     D:9: 13 daAuts
